 Dungeon Crawl Stone Soup version 0.24-a0-335-g06ca16a (webtiles) character file.

Game seed: 5428503600265556083

27 mhoghedin the Magician (level 2, -1/19 HPs)
             Began as a Mummy Wizard on May 18, 2019.
             Slain by a kobold
             ... wielding a +0 whip
              (5 damage)
             ... on level 1 of the Dungeon.
             The game lasted 00:02:30 (1234 turns).

mhoghedin the Magician (Mummy Wizard)               Turns: 1234, Time: 00:02:31

Health: -1/19      AC:  2    Str: 10    XL:     2   Next: 93%
Magic:  3/8        EV: 12    Int: 17    God:
Gold:   19         SH:  0    Dex: 10    Spells: 4/11 levels left

rFire    x . .     SeeInvis .   e - +0 dagger
rCold    + . .     Gourm    .   (no shield)
rNeg     + + +     Faith    .   g - +0 robe (curse)
rPois    ∞         Spirit   .   b - +0 hat
rElec    .         Reflect  .   (no cloak)
rCorr    .         Harm     .   (no gloves)
MR       .....                  (no boots)
Stlth    ++........             (no amulet)
HPRegen  0.06/turn              c - +3 ring of slaying
MPRegen  0.11/turn              d - ring of flight {+Fly, !d}

@: no status effects
A: no food or potions, fire vulnerability, cold resistance 1, negative energy
resistance 3, torment resistance, unbreathing
a: Evoke Flight


You were on level 1 of the Dungeon.
You were not hungry.

You visited 1 branch of the dungeon, and saw 2 of its levels.

You collected 19 gold pieces.

Inventory:

Hand Weapons
 e - a +0 dagger (weapon)
   (You took it off a kobold on level 1 of the Dungeon)
Armour
 b - a +0 hat (worn)
 g - a cursed +0 robe (worn)
   (You found it on level 1 of the Dungeon)
Jewellery
 c - a +3 ring of slaying (left hand)
   (You found it on level 1 of the Dungeon)
 d - a ring of flight (right hand) {+Fly, !d}
   (You found it on level 1 of the Dungeon)
Scrolls
 a - a scroll of amnesia {unknown}
 f - a scroll of random uselessness {unknown}
 h - a scroll of identify {unknown}
 i - a scroll of teleportation {unknown}


   Skills:
 - Level 1.5 Dodging
 - Level 1.5 Stealth
 + Level 5.3 Spellcasting
 - Level 0.7 Conjurations
 - Level 0.7 Summonings
 - Level 0.7 Translocations


You had 4 spell levels left.
You knew the following spells:

 Your Spells              Type           Power        Failure   Level  Hunger
a - Magic Dart            Conj           #...         11%         1    N/A
b - Blink                 Tloc           N/A          16%         2    N/A
c - Call Imp              Summ           #.......     16%         2    N/A
s - Slow                  Hex            #.......     21%         2    N/A

Your spell library contained the following spells:

 Spells                   Type           Power        Failure   Level  Hunger
 Conjure Flame            Conj/Fire      #.......     34%         3    N/A
 Mephitic Cloud           Conj/Pois/Air  #.......     36%         3    N/A

Dungeon Overview and Level Annotations

Branches:
Dungeon (2/15)

Altars:


Innate Abilities, Weirdness & Mutations

You do not eat or drink.
Your flesh is vulnerable to fire.
You are immune to poison.
Your flesh is cold resistant. (rC+)
You are immune to negative energy. (rN+++)
You are immune to unholy pain and torment.
You can survive without breathing.


Message History

There is a stone staircase leading down here.
You take 3 damage, and have 12/19 hp.
MP restored: 8
Aim: a worm The magic dart hits the worm.
You now have 7/8 mp.
Aim: a worm The magic dart hits the worm.
You now have 6/8 mp.
Aim: a worm The magic dart hits the worm but does no damage.
You now have 5/8 mp.
You hit the worm but do no damage. The worm bites you but does no damage.
You hit the worm but do no damage. You hit the worm. The worm bites you.
You take 2 damage, and have 10/19 hp.
MP restored: 8
Aim: a worm The magic dart hits the worm.
You now have 7/8 mp.
Aim: a worm (lightly wounded)
The magic dart hits the worm.
You now have 6/8 mp.
Aim: a worm (lightly wounded)
The magic dart hits the worm but does no damage.
You now have 5/8 mp.
Aim: a worm (lightly wounded)
The magic dart hits the worm.
You now have 4/8 mp.
Aim: a worm (moderately wounded)
The magic dart hits the worm.
You now have 3/8 mp.
Aim: a worm (heavily wounded)
The magic dart hits the worm.
You now have 2/8 mp.
Aim: a worm (severely wounded)
The magic dart hits the worm.
You now have 1/8 mp.
Aim: a worm (severely wounded)
The magic dart hits the worm.
You now have 0/8 mp.
You don't have enough magic to cast that spell.
You hit the worm. You hit the worm. The worm bites you!
* * * LOW HITPOINT WARNING * * *
You take 7 damage, and have 5/19 hp.
MASSIVE DAMAGE!!
You hit the worm but do no damage. The worm barely misses you.
Aim: a worm (almost dead)
The magic dart hits the worm.
You now have 0/8 mp.
You hit the worm.
You kill the worm!
You start resting.
Health restored: 19; MP restored: 8 Done exploring.
Done exploring.
Done exploring.
(D) Dungeon
Where to? (Enter - D:2, ? - help)
There is a stone staircase leading down here.
You climb downwards.
The kobold hits you with a +0 whip. The kobold barely misses you.
There is a stone staircase leading up here.
You see here 2 stones.
You take 1 damage, and have 18/19 hp.
There are monsters nearby!
The kobold closely misses you. The kobold completely misses you.
You climb upwards.
There is a stone staircase leading down here.
Aim: a kobold, wielding a +0 club The magic dart hits the kobold but does no damage.
The kobold barely misses you. x2
You now have 7/8 mp.
Aim: a kobold, wielding a +0 club The magic dart hits the kobold but does no damage.
The kobold hits you with a +0 whip. The kobold hits you but does no damage.
You take 5 damage, and have 13/19 hp.
MASSIVE DAMAGE!!
You now have 6/8 mp.
Aim: a kobold, wielding a +0 club The magic dart hits the kobold.
The kobold barely misses you. The kobold hits you with a +0 club.
You take 4 damage, and have 9/19 hp.
MASSIVE DAMAGE!!
You now have 5/8 mp.
Aim: a kobold, wielding a +0 club (severely wounded)
The magic dart hits the kobold.
You kill the kobold!
The kobold misses you.
You now have 4/8 mp.
Aim: a kobold, wielding a +0 whip The magic dart hits the kobold but does no damage.
The kobold hits you with a +0 whip.
* * * LOW HITPOINT WARNING * * *
You take 5 damage, and have 4/19 hp.
MASSIVE DAMAGE!!
You now have 3/8 mp.
You closely miss the kobold. The kobold hits you with a +0 whip.
You die...

####### #..... #.....
################.....
#...(................
#......####..........
#......#....##.......
####.#...#####.......
######K..### #.......
##....)@.## #.......
##.....##..#######.......
#.......##)...#..........
#.......##......##....!..
#.......##.....###.[.....
##!.....##....## #.......
##[...........####.......
#.......##......##.......
#.......##....#.###......


You could see a kobold.

Vanquished Creatures
  A worm (D:1)
  A leopard gecko (D:1)
  2 goblins
  4 kobolds (D:1)
  7 bats (D:1)
  A frilled lizard (D:1)
  3 rats (D:1)
19 creatures vanquished.

Vanquished Creatures (collateral kills)
  An adder (D:2)
1 creature vanquished.

Grand Total: 20 creatures vanquished

Notes
Turn   | Place    | Note
-------+----------+-------------------------------------------
     0 | D:1      | mhoghedin the Mummy Wizard began the quest for the Orb.
     0 | D:1      | Reached XP level 1. HP: 13/13 MP: 5/5
   287 | D:1      | Reached XP level 2. HP: 19/19 MP: 3/7
   307 | D:1      | Learned a level 2 spell: Blink
   310 | D:1      | Learned a level 2 spell: Call Imp
   315 | D:1      | Learned a level 2 spell: Slow
   492 | D:1      | Reached skill level 5 in Spellcasting
   692 | D:2      | HP: 4/19 [goblin/+0 club (7)]
  1233 | D:1      | HP: 4/19 [kobold/+0 whip (5)]
  1234 | D:1      | Slain by a kobold

Levels and vault maps discovered:
D:1:      mushboom_english_gardens, layout_rooms
D:2:      layout_rooms, uniq_crazy_yiuf_cottage

Skill      XL: |  1  2 |
---------------+-------+-----
Spellcasting   | 5 |  5.3
Dodging        | |  1.5
Stealth        | |  1.5
Conjurations   | |  0.7
Summonings     | |  0.7
Translocations | |  0.7

Action                   || total
-------------------------++-------
Melee: Unarmed           ||     6
       Dagger            ||    10
 Cast: Magic Dart        ||    51
       Call Imp          ||     1
Armor: Robe              ||    10
Dodge: Dodged            ||    36

Table legend:
 A = Non-vault XP
 B = Vault XP
 C = Vault XP percentage of total XP
 D = Non-vault monster count
 E = Vault monster count
 F = Vault count percentage of total count
                 A         B        C        D         E       F
            +---------+---------+-------+---------+---------+-------
      Total |      39 |       0 |   0.0 |      20 |       0 |   0.0
            +---------+---------+-------+---------+---------+-------
        D:1 |      30 |       0 |   0.0 |      18 |       0 |   0.0
        D:2 |       9 |       0 |   0.0 |       2 |       0 |   0.0
            +---------+---------+-------+---------+---------+-------

Levels and vault maps discovered:
D:1:      mushboom_english_gardens, layout_rooms
D:2:      layout_rooms, uniq_crazy_yiuf_cottage

Table legend:
 A = Turns spent in this place as a percentage of turns spent in the entire game.
 B = Non-inter-level travel turns spent in this place as a percentage of non-inter-level travel turns spent in the entire game.
 C = Inter-level travel turns spent in this place as a percentage of turns spent in this place.
 D = Turns resting spent in this place as a percentage of non-inter-level travel turns spent in this place.
 E = Turns spent auto-exploring this place as a percentage of non-inter-level travel turns spent in this place.
 F = Non-inter-level travel turns spent in this place divided by the number of levels of this place that you've seen.
                   A       B       C       D       E      F
               +-------+-------+-------+-------+-------+----------------------
         Total | 100.0 | 100.0 |   6.8 |  53.5 |  29.3 | 575.0
       Dungeon | 100.0 | 100.0 |   6.8 |  53.5 |  29.3 | 575.0
               +-------+-------+-------+-------+-------+----------------------

Table legend:
 A = Kills in this place as a percentage of kills in entire the game.
 B = Kills by you in this place as a percentage of kills by you in the entire game.
 C = Kills by friends in this place as a percentage of kills by friends in the entire game.
 D = Other kills in this place as a percentage of other kills in the entire game.
 E = Experience gained in this place as a percentage of experience gained in the entire game.
 F = Experience gained in this place divided by the number of levels of this place that you have seen.
                   A       B       C       D       E      F
               +-------+-------+-------+-------+-------+----------------------
         Total | 100.0 | 100.0 | 100.0 |   N/A | 100.0 |  19.5
       Dungeon | 100.0 | 100.0 | 100.0 |   N/A | 100.0 |  19.5
               +-------+-------+-------+-------+-------+----------------------
